 Dungeon Crawl Stone Soup version 0.31.0-4-g52a2dc7128 (webtiles) character file.

Game seed: 10844833764990164951

75511 dvdksn the Spear-Bearer (level 15, -2/130 HPs)
             Began as a Demonspawn Gladiator on Jan 21, 2024.
             Was the Champion of Makhleb.
             Killed by divine providence
             ... invoked by a meliai
              (12 damage)
             ... on level 13 of the Dungeon.
             The game lasted 00:48:28 (18977 turns).

dvdksn the Spear-Bearer (Demonspawn Gladiator)     Turns: 18977, Time: 00:48:29

Health: -2/130     AC: 23    Str: 32    XL:     15   Next: 9%
Magic:  15/15      EV: 15    Int: 12    God:    Makhleb [******]
Gold:   1406       SH: 12    Dex: 14    Spells: 14/14 levels left

rFire   + + .        W - +9 war axe "Vuguz" {heavy, Str+4 Int+3 Stlth+}
rCold   . . .        I - +2 kite shield
rNeg    . . .        J - +8 ring mail of Hepliaklqana {rF+ rCorr}
rPois   .            o - +2 helmet
rElec   .            M - +1 cloak {Will+}
rCorr   +            L - +0 pair of gloves
SInv    .            (no boots)
Will    ++...        (no amulet)
Stlth   ++++         n - ring of protection from fire
HPRegen 0.41/turn    K - ring "Featu" {Str+6 Stlth+}
MPRegen 0.14/turn

%: no passive effects
@: no status effects
A: rugged brown scales 3, demonic guardian 2, icemail 2, condensation shield,
bedeviling, demonic touch 1
a: Renounce Religion, Minor Destruction, Lesser Servant of Makhleb, Major
Destruction, Greater Servant of Makhleb


You were on level 13 of the Dungeon.
You worshipped Makhleb.
Makhleb was exalted by your worship.
You visited 5 branches of the dungeon, and saw 21 of its levels.
You also visited: Ossuary.

You collected 1586 gold pieces.
You spent 180 gold pieces at shops.

Inventory:

Hand Weapons
 y - a +4 antimagic demon trident
 W - the +9 war axe "Vuguz" (weapon) {heavy, Str+4 Int+3 Stlth+}
   (You found it on level 11 of the Dungeon)

   Str+4:     It affects your strength (+4).
   Int+3:     It affects your intelligence (+3).
   Stlth+:    It makes you more stealthy.
Missiles
 d - 7 throwing nets (quivered)
 e - 12 javelins
Armour
 o - a +2 helmet (worn)
 z - +0 steam dragon scales
 I - a +2 kite shield (worn)
 J - the +8 ring mail of Hepliaklqana (worn) {rF+ rCorr}
   (You found it on level 7 of the Dungeon)

   rF+:       It protects you from fire.
   rCorr:     It protects you from acid and corrosion.
 L - a +0 pair of gloves (worn)
 M - a +1 cloak of willpower (worn)
Jewellery
 k - a ring of wizardry
 n - a ring of protection from fire (left hand)
 G - a ring of resist corrosion
 K - the ring "Featu" (right hand) {Str+6 Stlth+}
   (You found it on level 8 of the Dungeon)

   [ring of strength]

   Str+6:     It affects your strength (+6).
   Stlth+:    It makes you more stealthy.
 N - a ring of willpower
 P - a ring of magical power
 V - a ring of see invisible
Wands
 a - a wand of polymorph (5)
 g - a wand of flame (45)
 F - a wand of paralysis (8)
 O - a wand of iceblast (14)
 Q - a wand of digging (6)
Scrolls
 b - a scroll of poison {unknown}
 c - 5 scrolls of butterflies
 h - a scroll of immolation {unknown}
 p - 5 scrolls of amnesia
 r - a scroll of teleportation
 s - a scroll of vulnerability
 u - 6 scrolls of fog
 v - 4 scrolls of blinking {unknown}
 w - 3 scrolls of enchant weapon
 x - 3 scrolls of enchant armour
 R - a scroll of brand weapon
 T - a scroll of revelation {unknown}
 X - a scroll of silence
Potions
 f - 3 potions of heal wounds
 i - 5 potions of brilliance
 j - 4 potions of lignification
 l - 12 potions of curing
 m - 5 potions of mutation
 q - 3 potions of cancellation
 t - 4 potions of enlightenment
 A - 3 potions of might
 B - 3 potions of magic {unknown}
 C - a potion of resistance
 D - 4 potions of haste {unknown}
 E - 4 potions of attraction {unknown}
 H - 3 potions of invisibility
 U - a potion of ambrosia {unknown}
Miscellaneous
 S - a phial of floods


   Skills:
 - Level 12.3 Fighting
 + Level 7.1(11.1) Axes
 - Level 13.2(13.9) Polearms
 - Level 10.6 Throwing
 - Level 3.1 Armour
 - Level 11.2 Dodging
 - Level 3.0 Stealth
 - Level 7.4 Shields
 - Level 1.1 Evocations


You had 14 spell levels left.
You didn't know any spells.
Your spell library contained the following spells:

 Spells                   Type           Power      Damage    Failure   Level
 Slow                     Hex            0%         N/A       58%         1
 Call Imp                 Summ           0%         N/A       75%         2
 Lesser Beckoning         Tloc           0%         N/A       75%         2
 Sublimation of Blood     Necr           0%         N/A       75%         2
 Confusing Touch          Hex            0%         N/A       92%         3
 Gell's Gravitas          Tloc           0%         N/A       92%         3
 Hailstorm                Conj/Ice       0%         3d5       92%         3
 Ozocubu's Armour         Ice            0%         N/A       92%         3
 Sigil of Binding         Hex            0%         N/A       92%         3
 Summon Ice Beast         Ice/Summ       0%         N/A       92%         3
 Teleport Other           Tloc           0%         N/A       92%         3
 Vampiric Draining        Necr           0%         2d6       92%         3
 Leda's Liquefaction      Alch/Erth      0%         N/A       100%        4
 Lee's Rapid Deconstruct  Erth           0%         3d4*      100%        5
 Metabolic Englaciation   Hex/Ice        0%         N/A       100%        5
 Summon Forest            Summ/Tloc      0%         N/A       100%        5
 Bombard                  Conj/Erth      0%         9d1       100%        6
 Eringya's Noxious Bog    Alch           0%         4d6       100%        6
 Sculpt Simulacrum        Ice/Alch       0%         N/A       100%        6
 Summon Hydra             Summ           0%         N/A       100%        7


Dungeon Overview and Level Annotations

Branches:
Dungeon (13/15)            Temple (1/1) D:5            Lair (5/5) D:10
  Swamp (0/4) Lair:3       Spider (1/4) Lair:3        Slime (1/5) Lair:5
    Orc (0/2) D:12        Ossuary (visited)
 Vaults: D:13-14

Altars:
Ashenzari
Cheibriados
Dithmenos
Fedhas
Gozag
Hepliaklqana
Kikubaaqudgha
Makhleb
Nemelex Xobeh
Okawaru
Qazlal
Ru
Sif Muna
Trog
Uskayaw
Vehumet
Wu Jian
Xom
Yredelemnul
Jiyva

Shops:
D:4 *   D:5 ?


Innate Abilities, Weirdness & Mutations

You are completely covered in rugged brown scales. (AC +3, +7% HP)
A demonic guardian rushes to your aid.
A meltable icy envelope protects you from harm. (AC +0)
A meltable shield of frost defends you. (SH +0)
Your hexes are more powerful.
Your touch may inflict minor irresistible damage on your foes.


Message History

The meliai hits you but does no damage. The meliai barely misses you.
You block the orc's attack. The meliai attacks as it pursues you!
The meliai hits you but does no damage. The meliai misses you.
You block the meliai's attack.
The meliai stings you but does no damage.
The acid dragon attacks as it pursues you!
The acid dragon bites you but does no damage.
The acid dragon closely misses you.
The sentinel's mark upon you fades away.
The meliai attacks as it pursues you! The meliai hits you with a +0 hand axe!
* * * LOW HITPOINT WARNING * * *
A demonic guardian appears!
The meliai barely misses you. You block the meliai's attack.
The meliai stings you but does no damage.
Things that are here:
4 large rocks; a cyclops corpse You swap places.
Something closely misses your soul eater.
Something stings your soul eater but does no damage.
Something barely misses your soul eater.
Something stings your soul eater but does no damage.
Something barely misses your soul eater.
Something stings your soul eater but does no damage.
Something hits your soul eater but does no damage.
Something stings your soul eater but does no damage.
A demon appears!
Something hits your hellwing but does no damage.
Something stings your hellwing. Something hits your hellwing!
Something stings your hellwing. Something closely misses your hellwing.
Something stings your hellwing but does no damage.
Something hits your hellwing. Something stings your hellwing.
The meliai calls down the wrath of its god upon you.
Something smites you!
* * * LOW HITPOINT WARNING * * *
A demonic guardian appears!
Your hellwing hits the meliai.
Your hellwing barely misses the meliai.
The meliai mumbles some strange prayers to its god against you.
Something smites you!
You die...

#..<..#z....##
#......#.###.####
..#....)###.....#.# .
...#.###.#y4....#.#### ..
.###).)D.#3....#.#..###
#.###.#.))o..#...4..#.....###
##...).#..C..#.....##.......##
#......#......#.###.#........#
#.....#.....###@..#...)...###
#......#.###.#....#........#
#.....###...#.....#........#
..#.###.#....#....#...####.##
##...#.....#...##...# ###
..#....#....#.###.#..##
#....)#...###.. #....
#....#.###.# .. #....#
#...###...#.. #.....


You could see a meliai (ally target), a friendly soul eater (summoned) and a
friendly hellwing (summoned).

Vanquished Creatures
  6 hydras
  Erolcha (D:9)
  A catoblepas (Lair:1)
  A boulder beetle (Lair:5)
  2 centaur warriors
  5 two-headed ogres
  8 death yaks
  Urug (D:10)
  Sonja (Lair:2)
  A demonic crawler (Spider:1)
  Lodul (D:13)
  8 skeletal warriors
  A pharaoh ant (Lair:3)
  2 goliath frogs (Lair:5)
  3 skysharks
  A steelbarb worm (Spider:1)
  A lindwurm (Lair:5)
  A deep elf pyromancer (D:13)
  4 manticores
  A wolf spider (Spider:1)
  Maurice (D:9)
  An ugly thing (D:12)
  5 cyclopes
  An elephant (Lair:4)
  2 meliai (D:13)
  4 black mambas
  A torpor snail (Lair:4)
  24 cane toads
  A gargoyle (D:10)
  3 rime drakes
  2 unseen horrors
  3 kobold demonologists
  7 komodo dragons
  A polar bear (Lair:1)
  5 trolls
  2 tyrant leeches (Lair:5)
  A tarantella (Lair:3)
  A hornet (D:8)
  5 dream sheep
  10 blink frogs
  3 shadows (D:11)
  6 wyverns
  58 yaks
  2 wraiths
  2 vampires (D:12)
  Grum (D:6)
  A basilisk (D:11)
  2 steam dragons
  A death yak simulacrum (Lair:2)
  5 vampire mosquitoes (Lair:5)
  3 acid dragons
  12 water moccasins
  An ice beast (D:6)
  7 orc warriors
  6 ogres (D:13)
  8 wolves
  3 centaurs
  3 phantoms
  13 bullfrogs
  3 kobold brigands
  3 gnoll sergeants (D:6)
  A cane toad simulacrum (Lair:2)
  8 scorpions
  13 wights
  12 killer bees (D:9)
  3 electric eels
  15 hounds
  2 jellies
  A bombardier beetle (D:5)
  3 gnoll boudas
  7 orc priests
  3 iguanas
  10 orc wizards
  Natasha (twice) (D:3)
  2 hell rats (Lair:2)
  8 mummies (Ossuary)
  4 adders
  24 gnolls
  A shadow imp (D:5)
  2 ufetubi (D:6)
  2 dart slugs
  A ribbon worm (D:2)
  35 orcs
  7 ball pythons
  7 endoplasms
  2 giant cockroaches (D:2)
  6 goblins
  8 hobgoblins
  A jackal (D:6)
  3 quokkas
  8 bats
  2 frilled lizards
  A gnoll zombie (Ossuary)
  4 hobgoblin zombies (Ossuary)
  30 kobolds
  A kobold zombie (Ossuary)
  2 orc zombies (Ossuary)
  11 rats
525 creatures vanquished.

Vanquished Creatures (collateral kills)
  Rupert (Lair:3)
  A rakshasa (D:13)
  A hydra (Lair:5)
  A death yak (Lair:5)
  A skyshark (Lair:1)
  2 ugly things (D:11)
  A manticore (D:13)
  3 cane toads (Lair:5)
  A rime drake (Lair:5)
  A troll (D:13)
  A blink frog (Lair:5)
  A wraith (D:11)
  4 wolves
  2 bullfrogs
  2 gnoll sergeants (D:6)
  A howler monkey (D:11)
  A hound (D:6)
  A gnoll bouda (D:6)
  Natasha (D:3)
  3 hell rats (Lair:2)
  2 gnolls (D:6)
  A dart slug (D:5)
  An orc (D:11)
34 creatures vanquished.

Vanquished Creatures (others)
  A vampire (D:12)
  An orc wizard (D:8)
2 creatures vanquished.

Grand Total: 561 creatures vanquished

Notes
Turn   | Place    | Note
-------+----------+-------------------------------------------
     0 | D:1      | dvdksn the Demonspawn Gladiator began the quest for the
                  | Orb.
     0 | D:1      | Reached XP level 1. HP: 16/16 MP: 1/1
   242 | D:1      | Gained mutation: A meltable shield of frost defends you.
                  | (SH +0) [demonic ancestry]
   242 | D:1      | Reached XP level 2. HP: 20/22 MP: 2/2
   425 | D:1      | Reached skill level 3 in Polearms
   944 | D:2      | Gained mutation: Your touch may inflict minor irresistible
                  | damage on your foes. [demonic ancestry]
   944 | D:2      | Reached XP level 3. HP: 27/27 MP: 3/3
  1628 | D:4      | Noticed a bullfrog
  1637 | D:4      | Killed a bullfrog
  1638 | D:4      | Reached skill level 4 in Polearms
  1638 | D:4      | Gained mutation: A weak demonic guardian rushes to your
                  | aid. [demonic ancestry]
  1638 | D:4      | Reached XP level 4. HP: 25/34 MP: 4/4
  1707 | D:3      | Reached skill level 1 in Armour
  1738 | D:3      | Found a radiant altar of Vehumet.
  1915 | D:3      | Gained mutation: A demonic guardian rushes to your aid.
                  | [demonic ancestry]
  1915 | D:3      | Reached XP level 5. HP: 39/39 MP: 5/5
  2004 | D:3      | Noticed Natasha
  2013 | D:3      | Killed Natasha
  2122 | D:3      | Reached skill level 1 in Stealth
  2219 | D:3      | Noticed Natasha
  2227 | D:3      | Killed Natasha
  2333 | D:3      | Noticed Natasha
  2337 | D:3      | Killed Natasha
  2732 | D:4      | Gained mutation: A meltable icy envelope protects you from
                  | harm. (AC +0) [demonic ancestry]
  2732 | D:4      | Reached XP level 6. HP: 46/46 MP: 6/6
  2760 | D:4      | Found an opulent altar of Gozag.
  2761 | D:4      | Found Gozag's Platinum Reserve.
  3002 | D:4      | Reached skill level 5 in Polearms
  3153 | D:5      | Entered Level 5 of the Dungeon
  3182 | D:5      | Reached XP level 7. HP: 52/52 MP: 7/7
  3190 | D:5      | Found Yturph's Magic Scroll Emporium.
  3195 | D:5      | Bought a scroll of enchant weapon for 90 gold pieces
  3195 | D:5      | Bought a scroll of enchant armour for 90 gold pieces
  3394 | D:5      | Found a blossoming altar of Fedhas.
  3404 | D:5      | Found a stormy altar of Qazlal.
  3547 | D:5      | Found a staircase to the Ecumenical Temple.
  3553 | Temple   | Entered the Ecumenical Temple
  3577 | Temple   | Became a worshipper of Makhleb the Destroyer
  4143 | D:6      | Reached skill level 6 in Polearms
  4143 | D:6      | Reached skill level 1 in Shields
  4168 | D:6      | Found a sand-covered staircase.
  4177 | Ossuary  | Entered an ossuary
  4510 | D:6      | Noticed Grum
  4513 | D:6      | Identified a scroll of acquirement
  4513 | D:6      | Acquired a +4 antimagic demon trident
  4604 | D:6      | Killed Grum
  4605 | D:6      | Gained mutation: You are partially covered in rugged brown
                  | scales. (AC +1, +3% HP) [demonic ancestry]
  4605 | D:6      | Reached XP level 8. HP: 54/61 MP: 8/8
  4684 | D:6      | Reached * piety under Makhleb
  4710 | D:6      | Reached skill level 7 in Polearms
  4938 | D:6      | Reached skill level 1 in Evocations
  4960 | D:6      | HP: 3/62 [gnoll sergeant/+4 spear of flaming (2)]
  4962 | D:6      | Reached skill level 5 in Fighting
  5226 | D:6      | Reached skill level 8 in Polearms
  5226 | D:6      | Reached XP level 9. HP: 70/70 MP: 3/9
  5394 | D:6      | Reached ** piety under Makhleb
  5598 | D:6      | Found an iron altar of Okawaru.
  5598 | D:6      | Found a shimmering altar of Xom.
  6187 | D:7      | Found a sacrificial altar of Ru.
  6443 | D:7      | Identified the +8 ring mail of Hepliaklqana {rF+ rCorr}
  6519 | D:7      | Reached *** piety under Makhleb
  6671 | D:7      | Reached skill level 5 in Shields
  7154 | D:8      | Identified the +0 ring mail "Qukain" {rPois Regen+ rCorr
                  | Slay-4}
  7328 | D:8      | Noticed a two-headed ogre
  7340 | D:8      | Killed a two-headed ogre
  7341 | D:8      | Gained mutation: You are mostly covered in rugged brown
                  | scales. (AC +2, +5% HP) [demonic ancestry]
  7341 | D:8      | Reached XP level 10. HP: 42/77 MP: 3/10
  7551 | D:8      | You fall into a shaft and drop 3 floors!
  7596 | D:10     | Entered Level 10 of the Dungeon
  7610 | D:10     | Noticed Urug
  7664 | D:9      | Noticed Maurice
  7894 | D:9      | Reached **** piety under Makhleb
  7895 | D:9      | Reached skill level 5 in Dodging
  8041 | D:8      | Noticed a two-headed ogre
  8054 | D:8      | Killed a two-headed ogre
  8055 | D:8      | Reached skill level 9 in Polearms
  8209 | D:8      | Identified the ring "Featu" {Str+6 Stlth+}
  8537 | D:9      | Killed Maurice
  8848 | D:9      | Noticed Erolcha
  8899 | D:9      | Killed Erolcha
  8900 | D:9      | Gained mutation: You are completely covered in rugged brown
                  | scales. (AC +3, +7% HP) [demonic ancestry]
  8900 | D:9      | Reached XP level 11. HP: 53/88 MP: 3/11
  9441 | D:10     | Found a staircase to the Lair.
  9487 | D:10     | Reached skill level 5 in Throwing
  9553 | D:10     | Killed Urug
  9739 | D:10     | Noticed a two-headed ogre
  9749 | D:10     | Killed a two-headed ogre
  9750 | D:10     | Reached skill level 10 in Polearms
  9869 | Lair:1   | Entered Level 1 of the Lair of Beasts
  9882 | Lair:1   | Noticed a skyshark
  9901 | Lair:1   | Killed a skyshark
 10135 | Lair:1   | Noticed a skyshark
 10144 | Lair:1   | Killed a skyshark
 10240 | Lair:1   | Noticed a four-headed hydra
 10275 | Lair:1   | Killed a four-headed hydra
 10326 | Lair:1   | Noticed a catoblepas
 10351 | Lair:1   | Killed a catoblepas
 10352 | Lair:1   | Reached XP level 12. HP: 100/100 MP: 4/12
 10779 | Lair:2   | Found a shimmering altar of Xom.
 11057 | Lair:2   | Found a frozen archway.
 11074 | Lair:2   | Noticed a five-headed hydra
 11104 | Lair:2   | Killed a five-headed hydra
 11216 | Lair:2   | Reached ***** piety under Makhleb
 11228 | Lair:2   | Reached skill level 11 in Polearms
 11702 | Lair:3   | Found a hole to the Spider Nest.
 11754 | Spider:1 | Entered Level 1 of the Spider Nest
 11868 | Spider:1 | Identified the +1 helmet of the Arcane {rCorr}
 11913 | Spider:1 | Noticed a demonic crawler
 11931 | Spider:1 | Killed a demonic crawler
 12087 | Spider:1 | Noticed an entropy weaver
 12273 | Lair:3   | Found a staircase to the Swamp.
 12489 | Lair:3   | Noticed Rupert
 12520 | Lair:3   | Killed Rupert
 12521 | Lair:3   | Reached skill level 10 in Fighting
 13149 | Lair:3   | Reached XP level 13. HP: 97/110 MP: 4/13
 13805 | Lair:4   | Reached skill level 12 in Polearms
 14551 | Lair:5   | Entered Level 5 of the Lair of Beasts
 14691 | Lair:5   | Reached skill level 10 in Dodging
 15146 | Lair:5   | Gained mutation: Your hexes are more powerful. [demonic
                  | ancestry]
 15146 | Lair:5   | Reached XP level 14. HP: 114/120 MP: 4/14
 15214 | Lair:5   | Identified the +2 robe "Qisch" {rF- MP+9 Str+3}
 15541 | Lair:5   | Reached ****** piety under Makhleb
 15542 | Lair:5   | Reached skill level 10 in Throwing
 16245 | Lair:5   | Found a viscous altar of Jiyva.
 16246 | Lair:5   | Found a staircase to the Slime Pits.
 16452 | Slime:1  | Entered Level 1 of the Pits of Slime
 16527 | Lair:2   | Noticed Sonja
 16535 | Lair:2   | Killed Sonja
 16536 | Lair:2   | Reached skill level 13 in Polearms
 17513 | D:11     | Identified the +9 war axe "Vuguz" {heavy, Str+4 Int+3
                  | Stlth+}
 17665 | D:11     | Reached skill level 1 in Axes
 17850 | D:12     | Found a staircase to the Orcish Mines.
 18091 | D:12     | Found a bloodstained altar of Trog.
 18540 | D:12     | Reached skill level 5 in Axes
 18764 | D:13     | Noticed Lodul
 18776 | D:13     | Killed Lodul
 18932 | D:13     | Gained mutation: A meltable icy envelope protects you from
                  | harm. (AC +0) [demonic ancestry]
 18932 | D:13     | Reached XP level 15. HP: 76/130 MP: 15/15
 18977 | D:13     | Killed from afar by a meliai

Illustrated notes

Levels and vault maps discovered:
D:1:      eino_arrival_cavern_e, layout_basic
D:2:      layout_basic
D:3:      minmay_skewed_foursquare, layout_loops_ring,
          nicolae_vehumet_altar_sigil, uniq_natasha
D:4:      layout_basic, nicolae_gozag_zags_fifth_avenue
D:5:      layout_basic, grunt_temple_overflow_forces_of_nature,
          mainiacjoe_overflow_boulevard, temple_green, serial_shops,
          nicolae_shop_hallway_plus
D:6:      kennysheep_spiral_hall, layout_cave_pools,
          nicolae_overflow_two_pavilions, serial_gnoll_camp,
          gnoll_camp_mini_house, gnoll_camp_medium_01, gnoll_camp_mini_house,
          gnoll_camp_huts_basic, grums_kennel, gnoll_camp_mini_sergeant,
          nicolae_ossuary_entry_ruins
D:7:      layout_basic, nicolae_ru_the_path_less_chosen, dreamdust_wishing_well
D:8:      layout_rooms, serial_library_regret_index_small_wings
D:9:      layout_layer_cave, enter_bailey_2, uniq_erolcha, uniq_maurice
D:10:     layout_cross, nicolae_tso_carved_into_rock, lair_entry_dummy,
          uniq_urug
D:11:     cheibrodos_fzero, layout_basic, kennysheep_small_circle
D:12:     layout_layer_cave, david_orc_2, chequers_decorated_corner,
          trog_butcher_becter
D:13:     nicolae_BIG_FREAKIN_CUBE, layout_cave_pools, enter_trove_1, uniq_lodul
Temple:   compressed_dpeg_triangle_lava_temple
Lair:1:   layout_long_grid
Lair:2:   hellmonk_ruined_rings, layout_regular_city, basic_altar,
          portal_ice_cave_entry_ice_simulacra, lemuel_fruit_tree,
          serial_bayou_shore_b, infiniplex_staircase_pool_2, uniq_sonja
Lair:3:   layout_gridlike, swamp_mist, nicolae_spider_entry_lesser_pyramids,
          nzn_random_ring, uniq_rupert
Lair:4:   layout_big_grid, beast_lair_carwin_9, grunt_megastairs_1
Lair:5:   minmay_lair_end_frog_pond, layout_small_grid,
          dpeg_slime_entry_enclosed, serial_bayou_lagoon_a
Spider:1: layout_spider_delve, nicolae_spider_spiderdrome
Slime:1:  layout_caves

Skill      XL: |  1  2  3  4  5  6  7  8  9 10 11 12 13 14 15 |
---------------+----------------------------------------------+-----
Dodging        | 3 4 6 7 9 10 11 | 11.2
Polearms       | 3 4 5 6 8 9 10 11 12 13 | 13.2
Armour         | 1 2 3 |  3.1
Stealth        | 1 2 3 |  3.0
Fighting       | 3 4 5 6 8 10 11 12 | 12.3
Shields        | 1 7 |  7.4
Throwing       | 2 4 6 8 9 10 | 10.6
Evocations     | 1 |  1.1
Axes           | 6 7 |  7.1

Action                     |  1- 3 |  4- 6 |  7- 9 | 10-12 | 13-15 || total
---------------------------+-------+-------+-------+-------+-------++-------
  Melee: Trident           |   131 |   132 |   118 |       |       ||   381
         Punch             |     1 |       |     2 |       |       ||     3
         Touch             |    11 |    17 |    35 |       |       ||    63
         Demon trident     |       |       |   321 |   753 |   817 ||  1891
         War axe           |       |       |       |       |   158 ||   158
  Throw: Throwing net      |       |     2 |     4 |     1 |     2 ||     9
 Invoke: Lesser Servant of |       |       |       |     1 |     6 ||     7
  Evoke: Wand              |       |       |     3 |     1 |       ||     4
    Use: Scroll            |       |       |    13 |     2 |     6 ||    21
         Potion            |       |       |       |       |     4 ||     4
   Stab: Sleeping          |     1 |     3 |     4 |    10 |    10 ||    28
         Held in net/web   |       |       |     1 |       |       ||     1
         Distracted        |       |       |       |     1 |     6 ||     7
 Armour: Leather armour    |    46 |    48 |   153 |       |       ||   247
         Ring mail         |       |       |    28 |   333 |   506 ||   867
  Dodge: Dodged            |    53 |    38 |   160 |   275 |   354 ||   880
  Block: Other             |     9 |    15 |    33 |       |       ||    57
         Kite shield       |       |       |    79 |   670 |   762 ||  1511
